 Dungeon Crawl Stone Soup version 0.29.1 (webtiles) character file.

Game seed: 16186884813360929866

704 qw the Cleaver (level 7, -3/61 HPs)
             Began as a Minotaur Berserker on Sept 13, 2022.
             Was a Believer of Trog.
             Slain by an orc wizard
             ... wielding a +0 dagger
              (4 damage)
             ... on level 4 of the Dungeon.
             The game lasted 00:01:32 (4116 turns).

qw the Cleaver (Minotaur Berserker)                 Turns: 4116, Time: 00:01:32

Health: -3/61      AC:  0    Str: 24    XL:     7   Next: 39%
Magic:  6/6        EV:  8    Int:  4    God:    Trog [**....]
Gold:   258        SH:  0    Dex:  9    Spells: 6/6 levels left

rFire   . . .      SeeInvis .   Y - +1 hand axe
rCold   . . .      Faith    .   (no shield)
rNeg    . . .      Spirit   .   a - +0 chain mail
rPois   .          Reflect  .   (helmet restricted)
rElec   .          Harm     .   f - +2 cloak
rCorr   .          Rampage  .   (no gloves)
Will    .....                   (no boots)
Stlth   ..........              (no amulet)
HPRegen 0.20/turn               (no ring)
MPRegen 0.10/turn               (no ring)

@: corroded, on berserk cooldown
A: horns 2, retaliatory headbutt
a: Renounce Religion, Berserk, Trog's Hand


You were on level 4 of the Dungeon.
You worshipped Trog.
Trog was pleased with you.
You visited 1 branch of the dungeon, and saw 4 of its levels.

You collected 258 gold pieces.


Innate Abilities, Weirdness & Mutations

You have a pair of horns on your head.
You reflexively headbutt those who attack you in melee.


   Skills:
 - Level 5.4 Fighting
 + Level 9.4 Axes
 - Level 3.3 Armour
 - Level 2.1 Dodging


You had 6 spell levels left.
You didn't know any spells.
Your spell library was empty.

Inventory:

Hand Weapons
 h - a +0 flail
 Y - a +1 hand axe (weapon)
Armour
 a - a +0 chain mail (worn)
 f - a +2 cloak (worn)
Scrolls
 p - a scroll of identify
Potions
 c - a potion of might
 e - 3 potions of resistance
 g - 4 potions of haste
 l - 2 potions of degeneration {unknown}
 n - a potion of curing
 o - a potion of ambrosia {unknown}

Dungeon Overview and Level Annotations

Branches:
Dungeon (4/15)
 Temple: D:4-7

Altars:
Dithmenos
Gozag
Uskayaw
Xom


Message History

You kill the orc!
Trog accepts your kill.
You closely miss something. You hit the jackal.
You kill the jackal!
Trog accepts your kill.
You hear some strange, mumbled words.
A magic dart appears from out of thin air!
The magic dart hits you but does no damage.
Something hits you but does no damage. The jelly hits you.
The acid corrodes you!
You are splashed with acid!
You hit the jelly but do no damage.
Your hands burn!
You headbutt the jelly, but do no damage.
You punch the jelly.
The jelly is lightly wounded.
You miss something. The jelly hits you but does no damage.
Something hits you but does no damage.
You hit the jelly.
Your hands burn!
The jelly is lightly wounded.
You hit something but do no damage. The jelly hits you but does no damage.
You hear some strange, mumbled words.
A puff of flame appears from out of thin air!
The puff of flame hits you.
You barely miss the jelly.
The jelly is lightly wounded.
You miss something.
You feel yourself speed up. The jelly hits you. The acid corrodes you!
You are splashed with acid!
Something hits you but does no damage. The jelly barely misses you.
Something hits you but does no damage.
You slash the jelly! The acid corrodes you!
Your hands burn!
The jelly is severely wounded.
You miss something. You hit the jelly. The acid corrodes you!
Your hands burn!
You headbutt the jelly.
You kill the jelly!
Trog accepts your kill.
You miss something. Something hits you.
You die...

... .... ....# .).
...... ......# #.#
....... .....#..####.#
....... .........##..##
....$## ~~~.~~~~.......#
..#.#..
.......~....##.##.......
.~~~¤~¤~...# #..{)......
.~.¤¤~¤~...#####@)......
.~._¤~g~...##....).<...#
.~...¤o¤......)$.....###
.~.~~~.~.............#
.......~.........#...#
~~~~~~~~...#..##......#
...........#..#....#..#
...##....#....#........
....<...##.##.# .#..#..


There were no monsters in sight!

Vanquished Creatures
  A water moccasin (D:3)
  A black bear (D:3)
  A sky beast (D:4)
  An ogre (D:4)
  2 scorpions (D:4)
  A jelly (D:4)
  A centaur skeleton (D:3)
  A hound skeleton (D:3)
  10 adders
  An adder skeleton (D:3)
  A worm (D:2)
  4 dart slugs
  5 orcs
  8 endoplasms
  2 giant cockroaches
  5 goblins
  7 hobgoblins
  A jackal (D:4)
  A quokka (D:3)
  7 ball pythons
  5 bats
  2 frilled lizards (D:1)
  8 kobolds
  7 rats
83 creatures vanquished.

Vanquished Creatures (others)
  A withered plant (D:3)
1 creature vanquished.

Grand Total: 84 creatures vanquished

Notes
Turn   | Place    | Note
-------+----------+-------------------------------------------
     0 | D:1      | qw the Minotaur Berserker began the quest for the Orb.
     0 | D:1      | Reached XP level 1. HP: 19/19 MP: 0/0
     0 | D:1      | 0 ||| qw: Version: 0.1-a-119-g272c26d
     0 | D:1      | 0 ||| qw: Game counter: 11235
     0 | D:1      | 0 ||| qw: Always use a shield: true
     0 | D:1      | 0 ||| qw: Do Orc after D:15 true
     0 | D:1      | 0 ||| qw: Do second Lair branch before Depths: true
     0 | D:1      | 0 ||| qw: Lair rune preference: random
     0 | D:1      | 0 ||| qw: Plans: Normal
     0 | D:1      | 0 ||| PLANNING D:1-11
   214 | D:1      | Reached skill level 4 in Axes
   397 | D:1      | Reached XP level 2. HP: 26/26 MP: 1/1
   512 | D:1      | Found a faded altar of an unknown god.
   608 | D:1      | 608 ||| Stepping ~*~*~tactically~*~*~ (hiding).
   846 | D:1      | 846 ||| UPGRADING to +0 scale mail.
   856 | D:1      | 856 ||| DROPPING +0 animal skin.
   857 | D:1      | 857 ||| READING scroll labelled ANI UHOKOENOGH.
   858 | D:1      | 858 ||| READING scroll labelled GETWIH SYFI.
   863 | D:1      | 863 ||| READING scroll labelled PIOSKO RAKUN.
   864 | D:1      | 864 ||| READING scroll labelled YCZO CIKKETOC.
   865 | D:1      | 865 ||| DRINKING 2 grey potions.
   866 | D:1      | 866 ||| DRINKING 3 murky white potions.
  1049 | D:2      | 1049 ||| Stepping ~*~*~tactically~*~*~ (hiding).
  1061 | D:2      | 1061 ||| INVOKING Berserk.
  1064 | D:2      | Reached skill level 5 in Axes
  1131 | D:2      | Reached XP level 3. HP: 31/31 MP: 2/2
  1140 | D:2      | 1140 ||| Stepping ~*~*~tactically~*~*~ (stealth).
  1142 | D:2      | 1142 ||| Stepping ~*~*~tactically~*~*~ (hiding).
  1262 | D:2      | 1262 ||| Stepping ~*~*~tactically~*~*~ (hiding).
  1267 | D:2      | Reached ** piety under Trog
  1514 | D:2      | 1514 ||| Stepping ~*~*~tactically~*~*~ (stealth).
  1524 | D:2      | 1524 ||| Stepping ~*~*~tactically~*~*~ (stealth).
  1563 | D:2      | Reached skill level 6 in Axes
  1563 | D:2      | Reached XP level 4. HP: 39/39 MP: 3/3
  1657 | D:2      | 1657 ||| DROPPING +0 club.
  1933 | D:2      | 1933 ||| UPGRADING to +0 chain mail.
  1943 | D:2      | 1943 ||| UPGRADING to +2 cloak.
  1948 | D:2      | 1948 ||| DROPPING +0 scale mail.
  1949 | D:2      | 1949 ||| READING scroll labelled CONUUHY ABIT.
  1950 | D:2      | 1950 ||| READING scroll labelled REMPOQ XEN.
  1951 | D:2      | 1951 ||| READING 3 scrolls labelled MEBLOL HUT JETH.
  1952 | D:2      | 1952 ||| READING scroll labelled NIFAMAPNIS.
  1953 | D:2      | 1953 ||| DRINKING 2 orange potions.
  1954 | D:2      | 1954 ||| DRINKING 3 yellow potions.
  1955 | D:2      | 1955 ||| READING 3 scrolls of identify.
  1955 | D:2      | 1955 ||| IDENTIFYING fizzy silvery potion
  1956 | D:2      | 1956 ||| READING 2 scrolls of identify.
  1956 | D:2      | 1956 ||| IDENTIFYING lumpy coppery potion
  1957 | D:2      | 1957 ||| DROPPING potion of invisibility.
  1958 | D:2      | 1958 ||| DROPPING 2 scrolls of magic mapping.
  1959 | D:2      | 1959 ||| READING scroll of teleportation.
  2061 | D:3      | Found a hide-covered altar of Uskayaw.
  2412 | D:3      | Reached skill level 7 in Axes
  2412 | D:3      | Reached XP level 5. HP: 44/45 MP: 4/4
  2488 | D:3      | 2488 ||| DROPPING +0 whip.
  2653 | D:3      | Noticed a black bear
  2658 | D:3      | 2658 ||| INVOKING Berserk.
  2663 | D:3      | Killed a black bear
  2664 | D:3      | Reached XP level 6. HP: 52/52 MP: 5/5
  2828 | D:3      | Found an opulent altar of Gozag.
  2831 | D:3      | Found a shimmering altar of Xom.
  2883 | D:3      | Noticed a water moccasin
  2892 | D:3      | 2892 ||| INVOKING Berserk.
  2895 | D:3      | Killed a water moccasin
  2896 | D:3      | Reached skill level 8 in Axes
  2897 | D:3      | HP: 17/78 [poisoned by a water moccasin]
  2900 | D:3      | 2900 ||| DRINKING 3 potions of curing.
  2900 | D:3      | 2900 ||| (to cure poison)
  3331 | D:3      | 3331 ||| READING scroll labelled GAUTORE VUUCH.
  3478 | D:3      | 3478 ||| READING 2 scrolls of identify.
  3478 | D:3      | 3478 ||| IDENTIFYING pink potion
  3479 | D:3      | 3479 ||| DROPPING potion of attraction.
  3502 | D:4      | Found a shadowy altar of Dithmenos.
  3509 | D:4      | Noticed a sky beast
  3528 | D:4      | Killed a sky beast
  3529 | D:4      | Reached skill level 9 in Axes
  3533 | D:4      | 3533 ||| FLEEEEING.
  3534 | D:4      | 3534 ||| FLEEEEING.
  3535 | D:4      | 3535 ||| FLEEEEING.
  3536 | D:4      | 3536 ||| FLEEEEING.
  3537 | D:4      | 3537 ||| FLEEEEING.
  3538 | D:4      | 3538 ||| FLEEEEING.
  3539 | D:4      | 3539 ||| FLEEEEING.
  3540 | D:4      | 3540 ||| STAIRDANCE
  3601 | D:4      | Reached skill level 3 in Armour
  3601 | D:4      | Reached XP level 7. HP: 39/59 MP: 6/6
  3605 | D:4      | 3605 ||| INVOKING Berserk.
  3612 | D:4      | 3612 ||| FLEEEEING.
  3612 | D:4      | HP: 15/60 [poisoned by a scorpion]
  3613 | D:4      | 3613 ||| FLEEEEING.
  3613 | D:4      | HP: 5/60 [goblin/sling bullet (4)]
  3614 | D:4      | 3614 ||| FLEEEEING.
  3615 | D:4      | 3615 ||| FLEEEEING.
  3616 | D:4      | 3616 ||| FLEEEEING.
  3617 | D:4      | 3617 ||| FLEEEEING.
  3617 | D:4      | HP: 1/60 [goblin/sling bullet (5)]
  3618 | D:4      | 3618 ||| STAIRDANCE
  3924 | D:4      | 3924 ||| FLEEEEING.
  3925 | D:4      | 3925 ||| FLEEEEING.
  3926 | D:4      | 3926 ||| FLEEEEING.
  3936 | D:4      | 3936 ||| FLEEEEING.
  3943 | D:4      | 3943 ||| FLEEEEING.
  3944 | D:4      | 3944 ||| FLEEEEING.
  3945 | D:4      | 3945 ||| STAIRDANCE
  4022 | D:4      | 4022 ||| FLEEEEING.
  4023 | D:4      | 4023 ||| FLEEEEING.
  4024 | D:4      | 4024 ||| FLEEEEING.
  4025 | D:4      | 4025 ||| FLEEEEING.
  4026 | D:4      | 4026 ||| FLEEEEING.
  4027 | D:4      | 4027 ||| FLEEEEING.
  4028 | D:4      | 4028 ||| FLEEEEING.
  4029 | D:4      | 4029 ||| FLEEEEING.
  4030 | D:4      | 4030 ||| FLEEEEING.
  4031 | D:4      | 4031 ||| STAIRDANCE
  4078 | D:4      | 4078 ||| INVOKING Berserk.
  4086 | D:4      | 4086 ||| FLEEEEING.
  4089 | D:4      | 4089 ||| Stepping ~*~*~tactically~*~*~ (hiding).
  4091 | D:4      | 4091 ||| Stepping ~*~*~tactically~*~*~ (hiding).
  4096 | D:4      | 4096 ||| DRINKING 2 potions of curing.
  4096 | D:4      | 4096 ||| (to cure confusion)
  4098 | D:4      | 4098 ||| FLEEEEING.
  4107 | D:4      | HP: 14/61 [orc/+0 mace (3)]
  4108 | D:4      | 4108 ||| DRINKING potion of heal wounds.
  4114 | D:4      | HP: 9/61 [acid (8)]
  4116 | D:4      | HP: 1/61 [acid (5)]
  4116 | D:4      | Slain by an orc wizard

Levels and vault maps discovered:
D:1:      eino_arrival_water_star, layout_basic,
          hellmonk_ecumenical_altar_lost_god, minmay_tetromino_o4
D:2:      layout_basic, minivault_11, minmay_joined_circles
D:3:      layout_loops_corners, nicolae_uskayaw_murder_on_the_dancefloor,
          old_standard_altar, nicolae_gozag_seed_capital, serial_undead,
          serial_undead_f, serial_undead_c, serial_undead_b, serial_undead_d
D:4:      old_forge, layout_rooms, mainiacjoe_overflow_concentric_impassable,
          tso_oasis_becter, temple_doors_e, st_stairs_11, uniq_sigmund

Skill      XL: |  1  2  3  4  5  6  7 |
---------------+----------------------+-----
Axes           | 4 5 6 7 9 |  9.4
Fighting       | 4 5 |  5.4
Armour         | 3 |  3.3
Dodging        | |  2.1

Action                   |  1- 3 |  4- 6 |  7- 9 || total
-------------------------+-------+-------+-------++-------
Melee: Hand axe          |    76 |   121 |    27 ||   224
       Headbutt          |    12 |    21 |     6 ||    39
       Punch             |       |     1 |     1 ||     2
Invok: Berserk           |     1 |     2 |     2 ||     5
  Use: Scroll            |     4 |     9 |       ||    13
       Potion            |     2 |     3 |     2 ||     7
Armor: Scale mail        |    17 |     5 |       ||    22
       Chain mail        |       |    71 |    71 ||   142
Dodge: Dodged            |    24 |    48 |    32 ||   104

Table legend:
 A = Non-vault XP
 B = Vault XP
 C = Vault XP percentage of total XP
 D = Non-vault monster count
 E = Vault monster count
 F = Vault count percentage of total count
                 A         B        C        D         E       F
            +---------+---------+-------+---------+---------+-------
      Total |     745 |     301 |  28.8 |      61 |      22 |  26.5
            +---------+---------+-------+---------+---------+-------
        D:1 |      21 |       4 |  16.0 |      13 |       3 |  18.8
        D:2 |      63 |      41 |  39.4 |      18 |      11 |  37.9
        D:3 |     388 |      63 |  14.0 |      22 |       3 |  12.0
        D:4 |     273 |     193 |  41.4 |       8 |       5 |  38.5
            +---------+---------+-------+---------+---------+-------
